Map: Jagannatha LE

Players

EnDerr - Winner!

  • Race: Zerg Zerg
  • Spawn Location: 7:00

Seither

  • Race: Terran Terran
  • League: Grandmaster
  • Spawn Location: 1:00

Event: DreamHack SC2 Masters 2020 Winter

VOD

Have the link to the VOD?

Description

Time

  • Played on: Oct. 24, 2020, 7:37 a.m.
  • Length: 23:25

All games in this series

Show
View Real Time Build Order
Export as new Build Order

EnDerr Zerg - Winner!

Build Orders: Hatch First, Muta Ling Bane 

Get SALT Encoding   

  12  0:00  Drone  
  13  0:12  Overlord  
  13  0:17  Drone  
  14  0:31  Drone x2  
  16  0:48  Hatchery  
  15  0:53  Drone  
  15  0:55  Drone  
  17  0:59  Drone  
  18  1:09  Extractor  
  17  1:15  Spawning Pool  
  17  1:18  Drone  
  17  1:21  Drone  
  18  1:30  Drone  
  19  1:44  Drone  
  20  1:50  Drone  
  21  2:01  Drone x2, Queen  
  22  2:02  Queen  
  27  2:10  Metabolic Boost, Overlord  
  27  2:15  Drone  
  28  2:30  Spore Crawler  
  28  2:32  Drone  
  28  2:33  Drone, Spore Crawler  
  28  2:37  Drone, Spore Crawler  
  27  2:41  Drone  
  30  2:51  Spore Crawler  
  30  2:53  Overlord  
  30  2:54  Drone x3  
  33  2:59  Queen  
  33  3:03  Extractor, Queen  
  37  3:14  Hatchery  
  37  3:19  Zergling x4  
  38  3:21  Drone x2  
  38  3:25  Drone x2  
  42  3:30  Drone x2  
  44  3:34  Overlord  
  44  3:35  Overlord  
  44  3:51  Extractor, Roach Warren  
  44  3:53  Drone x2  
  44  3:55  Drone x2  
  46  4:00  Drone  
  47  4:07  Overlord  
  48  4:10  Zergling x4  
  48  4:27  Queen  
  48  4:31  Overlord  
  50  4:32  Roach x5  
  50  4:35  Drone x3  
  63  4:41  Overlord  
  63  4:43  Overlord  
  63  4:44  Drone  
  64  4:52  Drone x7  
  71  4:56  Overlord  
  71  5:03  Ravager  
  71  5:05  Ravager x2  
  71  5:06  Overlord  
  75  5:07  Drone x3  
  75  5:09  Drone x2  
  75  5:10  Drone  
  80  5:16  Ravager  
  80  5:17  Zergling x2  
  80  5:18  Drone  
  80  5:20  Overlord  
  83  5:25  Ravager  
  83  5:26  Zergling x6  
  83  5:27  Zergling x6  
  90  5:29  Overlord  
  90  5:41  Drone, Zergling x2  
  90  5:42  Zergling x4  
  90  5:44  Spore Crawler  
  90  5:45  Spore Crawler  
  90  5:46  Spore Crawler  
  85  5:52  Zergling x2  
  85  5:59  Hatchery  
  85  6:00  Drone x3  
  85  6:01  Drone x5  
  92  6:10  Extractor  
  92  6:11  Evolution Chamber, Extractor  
  81  6:12  Baneling Nest  
  81  6:13  Queen x2  
  81  6:14  Lair, Evolution Chamber  
  78  6:22  Zergling x20  
  78  6:25  Spore Crawler  
  85  6:33  Overlord  
  85  6:34  Drone x2  
  87  6:43  Zerg Ground Armor Level 1  
  87  6:44  Zerg Melee Weapons Level 1  
  85  6:48  Drone x2  
  85  6:50  Hatchery  
  84  6:56  Drone x7  
  81  7:14  Zergling x20  
  81  7:15  Zergling x4  
  83  7:18  Extractor  
  83  7:19  Spire  
  83  7:21  Extractor  
  80  7:23  Drone x4  
  80  7:27  Zergling x2  
  85  7:40  Drone x4  
  85  7:41  Drone  
  78  7:59  Drone x3, Extractor x2  
  78  8:00  Drone x3  
  78  8:04  Drone x4  
  86  8:07  Overlord  
  86  8:08  Zergling x6  
  86  8:09  Baneling x2, Zergling x4  
  86  8:10  Baneling x2  
  86  8:11  Zergling x2  
  92  8:20  Drone x2  
  92  8:22  Drone  
  92  8:24  Queen  
  97  8:34  Mutalisk x8  
  97  8:36  Mutalisk x2, Zerg Flyer Weapons Level 1  
  97  8:39  Mutalisk  
  97  8:41  Hatchery  
  118  8:44  Mutalisk  
  119  8:56  Mutalisk x2  
  119  8:58  Mutalisk  
  123  9:12  Glial Reconstitution  
  123  9:14  Zerg Missile Weapons Level 1  
  123  9:15  Zerg Melee Weapons Level 2  
  123  9:19  Drone x14  
  123  9:20  Drone x2  
  123  9:21  Hatchery  
  123  9:22  Overlord x2  
  138  9:31  Queen  
  138  9:33  Roach  
  138  9:34  Roach x3  
  148  9:44  Extractor  
  148  9:45  Extractor  
  146  9:49  Overlord x2  
  146  9:50  Overlord x3  
  142  9:53  Centrifical Hooks  
  142  9:59  Mutalisk x2  
  142  10:00  Mutalisk x5  
  142  10:03  Pneumatized Carapace  
  156  10:07  Overseer, Spine Crawler  
  156  10:09  Zergling x8  
  156  10:10  Queen  
  156  10:12  Baneling x7  
  161  10:19  Zergling x2  
  161  10:21  Zergling x10  
  165  10:25  Zergling x4  
  169  10:32  Drone x3  
  166  10:40  Infestation Pit  
  166  10:41  Zergling x2  
  166  10:44  Zergling x2  
  166  10:45  Zergling x16, Roach  
  166  10:46  Roach x11  
  199  11:14  Zerg Missile Weapons Level 2  
  199  11:17  Hive  
  197  11:21  Ravager  
  197  11:22  Ravager  
  173  12:08  Zergling x2  
  159  12:11  Zergling x2  
  159  12:14  Zergling x18  
  159  12:15  Zergling x20  
  159  12:38  Roach x6  
  159  12:39  Roach x6  
  159  12:41  Adrenal Glands  
  159  12:43  Drone  
  159  12:44  Drone x2  
  183  12:46  Ultralisk Cavern  
  183  12:47  Baneling  
  183  12:48  Baneling x24  
  176  13:01  Zergling x34  
  176  13:02  Zergling x2  
  194  13:06  Zergling x2  
  194  13:08  Extractor  
  194  13:09  Extractor, Zergling x2  
  176  13:21  Zerg Flyer Weapons Level 2  
  176  13:30  Zerg Melee Weapons Level 3  
  176  13:33  Ravager x2  
  179  13:34  Ravager  
  179  13:36  Chitinous Plating  
  128  13:53  Drone x2  
  128  14:01  Zergling x4  
  130  14:06  Mutalisk x22  
  130  14:07  Mutalisk x11  
  196  14:11  Overseer  
  196  14:16  Zergling x2  
  189  14:42  Hatchery  
  188  14:46  Baneling x2  
  188  14:47  Baneling x4  
  188  14:48  Roach  
  188  14:49  Roach x5  
  200  14:54  Anabolic Synthesis  
  190  15:10  Zergling x4  
  190  15:11  Zergling x22  
  182  15:29  Zerg Ground Armor Level 2  
  174  15:50  Ultralisk x4  
  174  15:51  Baneling  
  174  15:52  Baneling x22  
  174  15:53  Baneling x3  
  198  16:05  Ravager x2  
  198  16:08  Zerg Flyer Weapons Level 3  
  161  16:39  Zergling x24  
  170  16:40  Zergling x48  
  177  17:05  Baneling  
  177  17:06  Baneling x24  
  177  17:07  Baneling x6  
  174  17:14  Roach  
  174  17:15  Baneling, Roach x13  
  198  17:16  Baneling x21  
  198  17:21  Roach  
  166  17:57  Zergling x2  
  147  18:05  Swarm Host x10  
  125  18:06  Swarm Host x16  
  177  18:16  Extractor  
  177  18:17  Extractor, Zergling x2  
  177  18:18  Zergling x40  
  196  18:22  Zergling x2  
  197  18:33  Zergling x2  
  198  18:38  Baneling x4  
  198  18:39  Baneling x16  
  198  18:42  Hatchery  
  198  18:46  Greater Spire  
  197  18:51  Zergling x2  
  186  18:56  Zergling x2  
  186  18:59  Zergling x4  
  188  19:18  Zergling x6  
  188  19:19  Zergling x18  
  188  19:23  Baneling x10  
  195  20:06  Zergling x6  
  195  20:07  Zergling x2  
  180  20:49  Roach x12  
  199  20:50  Roach x5  
  198  21:09  Overseer x2  
  186  21:35  Zergling x32  
  186  21:36  Zergling x2  
  195  21:45  Mutalisk x3  
  195  21:46  Mutalisk x6  
  191  21:49  Mutalisk x2  
  191  21:52  Mutalisk  
  191  21:54  Mutalisk  
  184  21:57  Mutalisk  
  185  22:02  Overlord x4  
  185  22:05  Extractor  
  185  22:06  Spore Crawler, Extractor  
  185  22:07  Mutalisk  
  185  22:08  Spine Crawler  
  165  22:10  Mutalisk x12  
  165  22:11  Mutalisk x2  
  165  22:15  Mutalisk x2  
  171  22:16  Mutalisk x2  
  171  22:17  Mutalisk x2  
  171  22:18  Mutalisk  
  171  22:19  Mutalisk  
  171  22:20  Mutalisk x10  
  171  22:21  Mutalisk x2  
  199  22:25  Overseer  
  199  22:26  Mutalisk x2  
  199  22:29  Mutalisk  
  195  22:31  Mutalisk  
  195  22:33  Mutalisk x2  
  195  22:34  Zergling x4  
  198  22:37  Zergling x2  
  199  22:52  Overlord  
Show
View Real Time Build Order
Export as new Build Order

Seither Terran 

Build Orders: Reaper Expand, Mech 

Get SALT Encoding   

  12  0:00  SCV  
  13  0:12  SCV  
  14  0:17  Supply Depot  
  14  0:24  SCV  
  15  0:39  SCV, Barracks  
  16  0:44  Refinery  
  16  0:51  SCV  
  17  1:03  SCV  
  18  1:15  SCV  
  19  1:27  Orbital Command, Reaper  
  20  1:43  Command Center  
  20  1:53  Supply Depot, SCV  
  21  1:59  Marine  
  22  2:06  SCV  
  23  2:09  Factory  
  23  2:18  SCV  
  23  2:21  Engineering Bay  
  24  2:30  SCV, Barracks Reactor  
  25  2:42  SCV  
  26  2:54  SCV  
  26  2:57  Command Center  
  27  3:00  Orbital Command  
  27  3:11  SCV  
  28  3:14  Hellion x2  
  28  3:17  Starport  
  32  3:22  Refinery  
  32  3:25  Marine  
  32  3:26  SCV  
  35  3:27  SCV  
  35  3:38  SCV  
  35  3:39  SCV  
  35  3:40  Hellion x2  
  40  3:51  SCV x2  
  40  3:53  Marine  
  40  3:55  Fusion Core  
  43  3:58  Starport Tech Lab  
  43  4:04  Supply Depot  
  43  4:06  SCV x2  
  45  4:10  Orbital Command  
  45  4:11  Hellion  
  45  4:14  Hellion  
  49  4:18  SCV x2  
  49  4:21  Refinery  
  51  4:27  Supply Depot  
  51  4:30  SCV x2  
  53  4:40  Orbital Command  
  53  4:42  SCV x2  
  55  4:46  Hellion x2  
  55  4:50  Supply Depot  
  55  4:51  Battlecruiser  
  65  4:57  SCV x2, Refinery  
  67  5:05  Marine  
  68  5:07  Bunker, SCV  
  68  5:09  SCV x2  
  68  5:11  Supply Depot  
  71  5:21  SCV  
  71  5:22  SCV  
  71  5:23  Factory  
  71  5:24  Factory  
  71  5:27  Supply Depot  
  73  5:28  Barracks Tech Lab  
  73  5:34  SCV x2  
  73  5:43  Hellion x2  
  73  5:52  Supply Depot  
  73  5:54  SCV x2  
  70  5:59  Battlecruiser  
  70  6:02  SCV  
  74  6:06  SCV  
  74  6:09  Hellion x2  
  74  6:10  Marine  
  71  6:12  Factory Tech Lab  
  71  6:15  SCV x2  
  71  6:18  SCV  
  68  6:21  Hellion  
  68  6:24  Armory  
  70  6:27  SCV x2  
  72  6:36  Supply Depot  
  72  6:38  Siege Tank  
  72  6:39  Hellion x2  
  79  6:40  SCV  
  79  6:41  SCV  
  82  6:52  Supply Depot  
  82  6:53  SCV  
  81  6:55  Orbital Command  
  81  7:02  Hellion x2  
  81  7:04  SCV  
  81  7:05  SCV  
  79  7:16  SCV  
  79  7:17  SCV  
  79  7:22  Siege Tank x2  
  93  7:24  Terran Vehicle Weapons Level 1  
  93  7:27  Engineering Bay  
  93  7:29  Command Center  
  93  7:31  Supply Depot  
  93  7:32  Supply Depot  
  93  7:42  Refinery x2  
  93  7:47  SCV  
  93  7:48  SCV, Supply Depot  
  93  7:49  Supply Depot  
  93  7:50  SCV, Hellion  
  93  7:53  Hellion  
  89  7:59  Factory, SCV  
  89  8:00  SCV  
  89  8:01  Factory  
  89  8:02  Thor x2, SCV  
  98  8:11  SCV  
  98  8:12  Starport Reactor  
  99  8:13  SCV  
  99  8:14  SCV  
  99  8:15  Barracks Reactor  
  99  8:18  Supply Depot  
  99  8:19  Infernal Pre-Igniter, Supply Depot  
  101  8:23  SCV  
  101  8:25  SCV  
  101  8:26  SCV  
  104  8:29  Missile Turret  
  104  8:30  Armory  
  104  8:31  Missile Turret  
  104  8:32  Missile Turret  
  104  8:35  SCV  
  104  8:37  SCV  
  104  8:38  SCV  
  106  8:44  Supply Depot, Missile Turret  
  106  8:48  SCV  
  107  8:49  SCV, Missile Turret  
  107  8:51  SCV x2  
  107  8:54  Thor  
  107  8:55  Siege Tank  
  119  8:59  Hellion x2  
  121  9:08  Supply Depot, SCV x2  
  121  9:09  SCV, Supply Depot  
  124  9:10  Orbital Command  
  124  9:14  Widow Mine x2  
  124  9:15  Drilling Claws  
  128  9:18  Terran Vehicle And Ship Armor Level 1  
  128  9:20  Missile Turret, Terran Vehicle Weapons Level 2  
  128  9:27  SCV x2  
  130  9:32  Supply Depot, Siege Tank  
  130  9:33  Supply Depot  
  132  9:41  Thor  
  132  9:42  Thor  
  132  9:43  Hellion  
  144  9:48  SCV x3  
  144  9:50  Refinery  
  146  9:54  Missile Turret  
  146  9:55  Missile Turret  
  146  9:57  Missile Turret  
  146  10:04  Missile Turret  
  146  10:05  Supply Depot  
  146  10:11  Command Center  
  146  10:13  Widow Mine x2  
  148  10:21  Missile Turret  
  148  10:27  Thor x2  
  152  10:39  Thor, Missile Turret  
  152  10:40  Hellion x2  
  162  10:43  Sensor Tower  
  162  10:50  Missile Turret x2  
  162  10:55  Hellion  
  162  10:56  Missile Turret  
  164  11:01  Barracks Reactor  
  164  11:03  Factory  
  161  11:05  Factory  
  161  11:06  Factory  
  156  11:17  Refinery  
  156  11:19  Factory  
  156  11:24  Missile Turret  
  156  11:41  Missile Turret  
  156  11:42  Missile Turret x2  
  156  11:44  Missile Turret x2  
  154  11:49  SCV x2  
  156  11:55  Thor, Factory Tech Lab  
  156  11:56  Thor  
  156  11:57  Siege Tank  
  140  12:17  Thor  
  140  12:18  Armory  
  140  12:19  Missile Turret  
  140  12:22  Planetary Fortress  
  146  12:26  SCV x2  
  146  12:27  SCV  
  144  12:31  Hellion x2  
  144  12:32  Hellion x3  
  144  12:53  SCV  
  144  12:54  SCV  
  144  12:56  Siege Tank x2, Hellion  
  144  12:57  Hellion  
  156  13:04  SCV  
  156  13:05  SCV  
  159  13:08  Refinery  
  159  13:09  Refinery  
  159  13:17  SCV x2  
  141  13:22  Orbital Command  
  141  13:27  Siege Tank x2  
  141  13:28  Siege Tank, Hellion x5  
  141  13:30  SCV x2  
  141  13:31  Refinery  
  121  13:48  Siege Tank  
  121  13:49  Hellion  
  126  13:55  Command Center  
  126  13:58  SCV x4  
  126  13:59  Siege Tank  
  126  14:02  Siege Tank  
  136  14:27  Thor, Hellion x3  
  136  14:28  Terran Vehicle Weapons Level 3, Hellion  
  136  14:30  Supply Depot  
  144  14:31  Supply Depot  
  144  14:32  Command Center  
  144  14:35  Supply Depot  
  144  14:37  Supply Depot  
  144  14:45  Supply Depot  
  144  14:46  Thor, Supply Depot  
  144  14:49  Starport Reactor  
  144  14:51  SCV x3, Factory Tech Lab  
  159  14:53  Supply Depot  
  159  15:03  Thor  
  159  15:06  Widow Mine x2  
  163  15:10  Thor  
  154  15:26  Engineering Bay  
  154  15:30  Factory Tech Lab  
  154  15:35  Thor x2  
  154  15:37  Widow Mine x3  
  154  15:38  Widow Mine  
  154  15:42  SCV x2  
  175  15:43  SCV x3  
  175  15:44  SCV  
  176  15:54  SCV  
  176  15:55  SCV x2  
  176  15:57  Missile Turret  
  179  15:58  Missile Turret x2  
  179  15:59  Planetary Fortress  
  179  16:01  Missile Turret  
  179  16:04  Missile Turret  
  179  16:05  Missile Turret  
  179  16:07  Widow Mine x2, Factory Tech Lab  
  179  16:08  Factory Tech Lab x2  
  183  16:11  Orbital Command  
  183  16:14  Hellion x2  
  184  16:18  Thor  
  184  16:27  Missile Turret  
  184  16:28  Missile Turret  
  168  16:34  Hellion x4  
  174  16:40  Missile Turret  
  174  16:43  Hellion  
  174  16:47  Orbital Command  
  176  16:52  Missile Turret  
  176  16:56  Sensor Tower  
  176  16:58  Siege Tank  
  176  16:59  Siege Tank, Hellion  
  179  17:09  Siege Tank x2  
  185  17:22  Thor  
  180  17:36  SCV x2  
  182  17:40  Thor x2  
  172  17:53  Siege Tank x2  
  156  18:01  Thor x3  
  156  18:04  Siege Tank  
  156  18:05  Siege Tank  
  127  18:12  SCV x4  
  129  18:13  SCV  
  130  18:37  Missile Turret, Sensor Tower  
  130  18:42  Widow Mine x2  
  128  18:56  Hellion x2  
  128  19:01  Hellion x2  
  122  19:14  Hellion x3  
  128  19:19  Orbital Command  
  128  19:35  Thor, Hellion x3  
  140  19:53  Thor x2  
  152  20:00  Orbital Command  
  152  20:10  Hellion x3  
  152  20:11  Widow Mine, Hellion  
  158  20:25  Hellion x2  
  144  20:48  Siege Tank, Hellion x3  
  123  20:52  Orbital Command  
  114  21:06  Hellion  
  114  21:07  Siege Tank, Hellion  
  114  21:09  SCV  
  114  21:10  SCV x2  
  114  21:28  Thor, Hellion x2  
  110  21:37  Hellion  
  106  21:45  Orbital Command  
  100  21:48  Hellion x2  
  94  21:59  Siege Tank, Hellion x2  
  101  22:05  Orbital Command  
  97  22:17  Hellion x3  
  97  22:20  Hellion  
  97  22:21  Thor x2, Hellion x3  
  94  22:39  Hellion x2  
Tags
 
Add a new tag
Caveats
  • Supply blocks, unpowered buildings, or Contaminate may cause inaccurate times.
  • Supply counts are checked every 10 seconds.